 Dungeon Crawl Stone Soup version 0.22-a0-48-g8770677 (webtiles) character file.

19663 shenanigans the Fighter (level 12, -1/101 HPs)
             Began as a Barachi Skald on Jan 7, 2018.
             Was the Champion of Cheibriados.
             Slain by a wraith (7 damage)
             ... led by Josephine
             ... on level 1 of the Orcish Mines.
             The game lasted 00:37:39 (17531 turns).

shenanigans the Fighter (Barachi Skald)            Turns: 17531, Time: 00:37:40

Health: -1/101     AC: 17    Str: 28    XL:     12   Next: 71%
Magic:  15/15      EV: 20    Int: 33    God:    Cheibriados [******]
Gold:   869        SH:  0    Dex: 27    Spells: 14/15 levels left

rFire    . . .     SeeInvis .   j - +1 war axe (elec)
rCold    . . .     Gourm    .   (no shield)
rNeg     . . .     Faith    .   b - +0 plate armour
rPois    .         Spirit   .   J - +0 helmet
rElec    .         Reflect  .   H - scarf {cloud immunity}
rCorr    .         Harm     .   k - +0 pair of gloves
MR       .....     Rnd*Tele +   (no boots)
Stlth    ..........             (no amulet)
HPRegen  0.26/turn              I - +4 ring of evasion
MPRegen  0.14/turn              B - ring of stealth

@: slowed, drained, very slow
A: +LOS, swims, slowness 1, teleportitis 1, strong legs 1
a: Hop, Bend Time, Temporal Distortion, Slouch, Step From Time, Renounce
Religion


You were on level 1 of the Orcish Mines.
You worshipped Cheibriados.
Cheibriados was exalted by your worship.
You were hungry.

You visited 3 branches of the dungeon, and saw 13 of its levels.
You also visited: Sewer and Ossuary.

You collected 1093 gold pieces.
You spent 224 gold pieces at shops.

Inventory:

Hand Weapons
 a - a +0 hand axe
 j - a +1 war axe of electrocution (weapon)
 y - a +0 war axe
 F - a +0 spear of freezing
Missiles
 x - 42 tomahawks (quivered)
Armour
 b - a +0 plate armour (worn)
 k - a +0 pair of gloves (worn)
 C - a +0 chain mail
 H - a scarf of cloud immunity (worn)
 J - a +0 helmet (worn)
Jewellery
 A - an uncursed ring of magical power
 B - a ring of stealth (right hand)
 I - a +4 ring of evasion (left hand)
Wands
 h - a wand of iceblast (4)
 D - a wand of paralysis (14)
Scrolls
 f - 5 scrolls of teleportation
 g - a scroll of fog {unknown}
 i - 8 scrolls of enchant armour
 m - 4 scrolls of fear {unknown}
 n - 3 scrolls of remove curse
 p - 2 scrolls of amnesia {unknown}
 r - 2 scrolls of random uselessness
 t - a scroll of identify
 E - a scroll of holy word
Potions
 o - 9 potions of flight
 q - 2 potions of degeneration
 s - 4 potions of haste
 u - a potion of magic
 v - 4 potions of berserk rage
 w - 2 potions of mutation
Books
 c - a book of Battle

   Spells                             Type                      Level
   a - Infusion                       Charms                       1
   b - Shroud of Golubria             Charms/Translocation         2
   c - Song of Slaying                Charms                       2
   d - Spectral Weapon                Hexes/Charms                 3
   e - Regeneration                   Charms/Necromancy            3
 l - a book of Changes

   Spells                             Type                      Level
   a - Beastly Appendage              Transmutation                1
   b - Sticks to Snakes               Transmutation                2
   c - Spider Form                    Transmutation/Poison         3
   d - Ice Form                       Ice/Transmutation            4
   e - Blade Hands                    Transmutation                5
 z - a Young Poisoner's Handbook

   Spells                             Type                      Level
   a - Sting                          Conjuration/Poison           1
   b - Poisonous Vapours              Poison/Air                   2
   c - Mephitic Cloud                 Conjuration/Poison/Air       3
   d - Olgreb's Toxic Radiance        Poison                       4
   e - Venom Bolt                     Conjuration/Poison           5
Comestibles
 d - 25 rations


   Skills:
 + Level 11.7(10.4) Fighting
 + Level 10.6(9.5) Axes
 + Level 11.4(10.2) Armour
 + Level 10.7(9.6) Dodging
 - Level 5.1(4.0) Stealth
 - Level 2.1(1.2) Spellcasting
 - Level 3.2(2.3) Charms
 - Level 5.1(4.0) Invocations


You had 14 spell levels left.
You knew the following spells:

 Your Spells              Type           Power        Failure   Level  Hunger
a - Infusion              Chrm           ###.         22%         1    #......


Dungeon Overview and Level Annotations

Branches:
Dungeon (11/15)            Temple (0/1) D:6            Lair (1/6) D:11
    Orc (1/2) D:9

Altars:
Cheibriados
Elyvilon
Fedhas
Kikubaaqudgha
Uskayaw
Vehumet
Wu Jian
Yredelemnul
Beogh

Shops:
D:4 (   D:7 *   D:9 ([

Annotations:
Orc:1 Josephine


Innate Abilities, Weirdness & Mutations

Shadows flee at your approach. (+LOS)
You can swim through water.
You cover ground slowly.
You can hop short distances.
You are occasionally teleported next to monsters.


Message History

Josephine completely resists.
The ghostly fireball engulfs the wraith.
The wraith completely resists.
The wraith hits you but does no damage. The wraith hits you.
* * * LOW HITPOINT WARNING * * *
The wraith drains your vigour!
You feel as though you will be slow longer.
You barely miss Josephine. You hit the wraith.
You hit the wraith but do no damage. Josephine hits you but does no damage.
The wraith barely misses you. x2; Josephine barely misses you.
The wraith barely misses you.
Unknown command.
You hit Josephine.
Josephine is lightly wounded.
You hit the wraith but do no damage. Lightning courses through the wraith!
You destroy the wraith!
Cheibriados thoroughly appreciates the change of pace.
You hit the wraith but do no damage. Lightning courses through the wraith!
Josephine hits you but does no damage. The wraith hits you!
You die...

... ...
##.........>.......[)
#...##................#.#[
.......................##[
..........................
......#...................
#......#..................
...#..##.._...............
...##.##.@............#...
.. #....W@....#...........
#..##)[.))##...........
#.. #.)..)#........#.#.
... ##.#..)..#o..o...#.
... ####).)........... ..
####.......#.#... .
#.5.........#....
#o..5..##.##.##....
....o...#.######.....


You could see Josephine and a wraith.

Vanquished Creatures
  The ghost of jlumianski the Slicer, a journeyman KoBe of Trog (Orc:1)
  An ettin (Orc:1)
  A centaur warrior (D:11)
  An orc high priest (Orc:1)
  Nergalle (D:10)
  An orc knight (Orc:1)
  Pikel (D:8)
  An ugly thing (D:11)
  A torpor snail (Lair:1)
  Joseph (D:7)
  Psyche (D:8)
  5 trolls
  5 blink frogs (Lair:1)
  3 hippogriffs
  A shadow (D:11)
  5 wraiths
  15 yaks
  2 hungry ghosts (D:7)
  4 wargs
  2 water moccasins
  A porcupine (Lair:1)
  18 orc warriors
  3 ice beasts
  2 sky beasts
  4 necrophages
  6 centaurs
  A phantom (D:7)
  2 black bears
  7 ogres
  A crocodile (D:11)
  2 big kobolds
  2 elf zombies (Ossuary)
  5 bullfrogs
  2 scorpions
  3 wights (D:9)
  5 howler monkeys
  4 crimson imps
  2 hounds
  3 human zombies
  2 iguanas
  A jelly (D:8)
  10 orc priests
  A gnoll shaman (D:7)
  22 orc wizards
  5 worker ants
  2 big kobold zombies (Ossuary)
  6 mummies
  An ogre skeleton (D:9)
  A hound zombie (D:8)
  A howler monkey zombie (D:8)
  A worker ant zombie (D:5)
  8 gnolls
  14 adders
  A river rat (Sewer)
  3 shadow imps
  3 oozes
  3 worms (D:2)
  A dart slug (D:1)
  2 leopard geckos (D:3)
  68 orcs
  3 giant cockroaches
  9 goblins
  7 hobgoblins
  25 jackals
  2 quokkas
  4 bats
  5 frilled lizards
  2 gnoll zombies (D:2)
  3 goblin zombies
  6 hobgoblin zombies (Ossuary)
  2 jackal zombies (Ossuary)
  18 kobolds
  14 kobold zombies
  A leopard gecko skeleton (D:7)
  A leopard gecko zombie (D:8)
  8 orc zombies (Ossuary)
  11 rats
403 creatures vanquished.

Vanquished Creatures (collateral kills)
  An orc high priest (Orc:1)
  An orc warrior (Orc:1)
  An ogre (Orc:1)
  2 orc wizards (Orc:1)
5 creatures vanquished.

Grand Total: 408 creatures vanquished

Notes
Turn   | Place    | Note
-------+----------+-------------------------------------------
     0 | D:1      | shenanigans the Barachi Skald began the quest for the Orb.
     0 | D:1      | Reached XP level 1. HP: 17/17 MP: 3/3
   103 | D:1      | Reached XP level 2. HP: 13/23 MP: 5/5
   561 | D:2      | Found a snail-covered altar of Cheibriados.
   580 | D:2      | Became a worshipper of Cheibriados the Contemplative
   684 | D:2      | Reached XP level 3. HP: 23/28 MP: 6/6
   739 | D:2      | Found an ornate altar of the Wu Jian Council.
  1065 | D:2      | Found a basalt altar of Yredelemnul.
  1070 | D:2      | Reached * piety under Cheibriados
  1190 | D:2      | Reached XP level 4. HP: 31/35 MP: 4/7
  1349 | D:2      | Found a faded altar of an unknown god.
  1382 | D:2      | Found a blossoming altar of Fedhas.
  1870 | D:3      | Found a glowing drain.
  1882 | D:3      | Reached XP level 5. HP: 13/42 MP: 8/8
  1994 | Sewer    | Entered a sewer
  2001 | Sewer    | Reached ** piety under Cheibriados
  2430 | Sewer    | Noticed a big kobold
  2464 | Sewer    | Killed a big kobold
  2518 | Sewer    | Found a white marble altar of Elyvilon.
  2670 | D:3      | Reached XP level 6. HP: 41/48 MP: 3/9
  3342 | D:4      | Found a white marble altar of Elyvilon.
  3473 | D:4      | Found a sand-covered staircase.
  3684 | Ossuary  | Entered an ossuary
  3862 | Ossuary  | Reached *** piety under Cheibriados
  4073 | Ossuary  | Reached XP level 7. HP: 50/55 MP: 10/10
  4477 | Ossuary  | Reached skill level 5 in Fighting
  4713 | D:4      | Reached **** piety under Cheibriados
  5014 | D:4      | Found Zogris's Weapon Shoppe.
  5060 | D:4      | Bought a cursed +0 war axe for 5 gold pieces
  5570 | D:5      | Entered Level 5 of the Dungeon
  5607 | D:5      | Reached skill level 5 in Armour
  5607 | D:5      | Reached skill level 5 in Dodging
  5731 | D:5      | Reached skill level 5 in Axes
  5815 | D:5      | Reached XP level 8. HP: 64/64 MP: 11/11
  7056 | D:6      | Reached skill level 1 in Stealth
  7056 | D:6      | Reached skill level 1 in Invocations
  7145 | D:6      | Reached ***** piety under Cheibriados
  7637 | D:6      | Found a staircase to the Ecumenical Temple.
  8530 | D:7      | Reached XP level 9. HP: 71/71 MP: 12/12
  8830 | D:7      | Noticed Joseph
  8842 | D:7      | Killed Joseph
 10187 | D:7      | Found Iluumon's Assorted Antiques.
 10583 | D:8      | Reached XP level 10. HP: 40/80 MP: 13/13
 11088 | D:8      | Noticed a dagger
 11088 | D:8      | Noticed a dagger
 11091 | D:8      | Found a hide-covered altar of Uskayaw.
 11093 | D:8      | Noticed Psyche
 11101 | D:8      | Killed Psyche
 11135 | D:8      | Found a radiant altar of Vehumet.
 11169 | D:8      | Noticed Pikel
 11181 | D:8      | Killed Pikel
 11532 | D:9      | Reached ****** piety under Cheibriados
 11552 | D:9      | Found Hiuwno's Weapon Shoppe.
 11810 | D:9      | Found a staircase to the Orcish Mines.
 11812 | D:9      | Found Piytz's Armour Shoppe.
 11853 | D:9      | Bought a +1 war axe of electrocution for 219 gold pieces
 12444 | D:9      | Reached skill level 5 in Stealth
 12449 | D:9      | Found an ancient bone altar of Kikubaaqudgha.
 12844 | D:10     | Entered Level 10 of the Dungeon
 12946 | D:10     | Noticed Nergalle
 12991 | D:10     | Killed Nergalle
 12991 | D:10     | Reached XP level 11. HP: 89/89 MP: 14/14
 13144 | D:10     | Reached skill level 5 in Invocations
 13942 | D:11     | Noticed a centaur warrior
 13953 | D:11     | Killed a centaur warrior
 13953 | D:11     | Reached skill level 10 in Fighting
 14801 | D:11     | Reached skill level 10 in Armour
 15078 | D:11     | Found a staircase to the Lair.
 15128 | D:11     | Noticed a cyan ugly thing
 15142 | D:11     | Killed a cyan ugly thing
 15866 | Lair:1   | Entered Level 1 of the Lair of Beasts
 15920 | Lair:1   | Reached XP level 12. HP: 81/99 MP: 15/15
 16130 | Orc:1    | Entered Level 1 of the Orcish Mines
 16137 | Orc:1    | Noticed an ettin
 16145 | Orc:1    | Killed an ettin
 16145 | Orc:1    | Reached skill level 10 in Dodging
 16172 | Orc:1    | Reached skill level 10 in Axes
 16607 | Orc:1    | Noticed an orc high priest
 16619 | Orc:1    | Killed an orc high priest
 17115 | Orc:1    | Found a roughly hewn altar of Beogh.
 17117 | Orc:1    | Noticed jlumianski's ghost (journeyman KoBe)
 17133 | Orc:1    | Killed jlumianski's ghost
 17426 | Orc:1    | Noticed an orc high priest
 17436 | Orc:1    | Gained mutation: You are occasionally teleported next to monsters. [a neqoxec]
 17437 | Orc:1    | Killed an orc high priest
 17525 | Orc:1    | Noticed Josephine
 17529 | Orc:1    | HP: 5/101 [wraith[Josephine] (3)]
 17531 | Orc:1    | Slain by a wraith

Vault maps used:
D:1:      roderic_chinese_lattice_arrival
D:2:      fedhas_altar_4, lemuel_zombie_altar_yredelemnul,
          lemuel_coloured_pillars_altar, cheibriados_altar_1,
          chequers_ecumenical_altar_lobes
D:3:      portal_sewer_entry_d
D:4:      nicolae_ossuary_entry_giza, serial_shops, nicolae_shop_waterfront,
          elyvilon_altar_5
D:5:      first_ration
D:6:      minmay_temple_entry_from_below_a
D:7:      serial_shops, shop, uniq_joseph
D:8:      vehumet_crystals, dancing_weapons_uskayaw, uniq_psyche, uniq_pikel
D:9:      lemuel_mausoleum_altar_kikubaaqudgha, orc_david_3
D:10:     grunt_ogre_cave, uniq_nergalle
D:11:     erik_lair_orcish_takeover
Lair:1:   dpeg_oklob_gauntlet
Orc:1:    basic_altar, guppyfry_library_mini, uniq_josephine
Sewer:    sewer_kobolds
Ossuary:  ossuary_tomb_1

Skill      XL: |  1  2  3  4  5  6  7  8  9 10 11 12 |
---------------+-------------------------------------+-----
Armour         | 2 3 4 5 6 7 8 10 11 | 11.4
Fighting       | 3 4 5 6 8 9 10 11 | 11.7
Dodging        | 3 4 5 6 7 8 9 10 | 10.7
Axes           | 3 4 5 6 7 8 9 10 | 10.6
Stealth        | 2 3 5 |  5.1
Invocations    | 1 3 4 5 |  5.1
Spellcasting   | |  2.1
Charms         | |  3.2

Action                   |  1- 3 |  4- 6 |  7- 9 | 10-12 || total
-------------------------+-------+-------+-------+-------++-------
Melee: Hand axe          |   108 |   311 |   106 |       ||   525
       War axe           |       |       |   359 |   513 ||   872
Throw: Tomahawk          |       |       |     7 |       ||     7
 Cast: Infusion          |     1 |     1 |       |       ||     2
Invok: Slouch            |       |       |     1 |     2 ||     3
 Abil: Hop               |       |       |     1 |     5 ||     6
Evoke: Wand              |       |       |       |     2 ||     2
  Use: Scroll            |       |     4 |     3 |     9 ||    16
       Potion            |       |     2 |     5 |     5 ||    12
 Stab: Sleeping          |       |       |     2 |     2 ||     4
  Eat: Chunk             |     1 |     4 |     9 |    13 ||    27
       Ration            |       |       |     2 |       ||     2
Armor: Leather armour    |     8 |       |       |       ||     8
       Ring mail         |    10 |    88 |    95 |       ||   193
       Skin              |       |    64 |       |    16 ||    80
       Chain mail        |       |       |    78 |   155 ||   233
       Plate armour      |       |       |       |    48 ||    48
Dodge: Dodged            |    68 |   199 |   438 |   617 ||  1322

Table legend:
 A = Spawn XP
 B = Non-spawn XP
 C = Spawn XP percentage of total XP
 D = Spawn monster count
 E = Non-spawn monster count
 F = Spawn count percentage of total count
 G = Total turns spent on level
                    A         B        C        D         E        F      G
               +---------+---------+-------+---------+---------+-------+---------
         Total |       0 |   28091 |   0.0 |       0 |     408 |   0.0 | 17531
               +---------+---------+-------+---------+---------+-------+---------
           D:1 |       0 |      20 |   0.0 |       0 |       8 |   0.0 |   561
           D:2 |       0 |      99 |   0.0 |       0 |      34 |   0.0 |  1086
           D:3 |       0 |      87 |   0.0 |       0 |      20 |   0.0 |  1066
           D:4 |       0 |     283 |   0.0 |       0 |      12 |   0.0 |  1302
           D:5 |       0 |     621 |   0.0 |       0 |      20 |   0.0 |  1358
           D:6 |       0 |     745 |   0.0 |       0 |      26 |   0.0 |  2417
           D:7 |       0 |    2319 |   0.0 |       0 |      48 |   0.0 |  1570
           D:8 |       0 |    1961 |   0.0 |       0 |      21 |   0.0 |   669
           D:9 |       0 |    2588 |   0.0 |       0 |      36 |   0.0 |  1867
          D:10 |       0 |    4110 |   0.0 |       0 |      38 |   0.0 |  1201
          D:11 |       0 |    4260 |   0.0 |       0 |      28 |   0.0 |  1794
        Lair:1 |       0 |    2477 |   0.0 |       0 |      10 |   0.0 |   209
         Orc:1 |       0 |    7999 |   0.0 |       0 |      56 |   0.0 |   876
         Sewer |       0 |     127 |   0.0 |       0 |      12 |   0.0 |   560
       Ossuary |       0 |     395 |   0.0 |       0 |      39 |   0.0 |   995
               +---------+---------+-------+---------+---------+-------+---------
